 Dungeon Crawl Stone Soup version 0.29-a0-365-gd383c6f (webtiles) character file.

Game seed: 15655994898041058343

1920 lyrin the Grappler (level 9, -5/50 HPs)
             Began as a Gargoyle Transmuter on Apr 30, 2022.
             Killed from afar by Ijyb (24 damage)
             ... with a bolt of acid
             ... on level 5 of the Dungeon.
             The game lasted 00:10:59 (7045 turns).

lyrin the Grappler (Gargoyle Transmuter)            Turns: 7045, Time: 00:11:00

Health: -5/50      AC:  8    Str: 18    XL:     9   Next: 17%
Magic:  14/14      EV: 11    Int: 14    God:
Gold:   328        SH:  0    Dex: 10    Spells: 14/15 levels left

rFire   . . .      SeeInvis .     - Unarmed
rCold   . . .      Faith    .   (no shield)
rNeg    + . .      Spirit   .   d - +0 ring mail
rPois   ∞          Reflect  .   (helmet currently unavailable)
rElec   +          Harm     .   (no cloak)
rCorr   .          Rampage  .   (no gloves)
Will    .....                   (boots currently unavailable)
Stlth   ..........              (no amulet)
HPRegen 0.16/turn               (no ring)
MPRegen 0.14/turn               (no ring)

@: appendages, corroded
A: horns 2, talons 2, sickness immunity, AC +6, negative energy resistance 1,
electricity resistance, torment resistance 1, petrification resistance
a: End Transformation


You were on level 5 of the Dungeon.
You had temporarily grown beastly horns and talons.
You visited 1 branch of the dungeon, and saw 5 of its levels.

You collected 328 gold pieces.

Inventory:

Missiles
 o - a throwing net
Armour
 a - a +0 robe
 d - a +0 ring mail (worn)
Scrolls
 c - a scroll of magic mapping {unknown}
 e - a scroll of summoning {unknown}
 f - 5 scrolls of identify {unknown}
 h - a scroll of brand weapon {unknown}
 j - a scroll of teleportation {unknown}
 k - a scroll of enchant weapon {unknown}
 m - a scroll of fear {unknown}
 n - a scroll of silence {unknown}
 p - a scroll of blinking {unknown}
 q - 2 scrolls of amnesia {unknown}
Potions
 b - 2 potions of lignification
 g - 2 potions of curing
 i - 3 potions of haste {unknown}
 l - a potion of attraction {unknown}
 r - a potion of flight {unknown}
 s - a potion of cancellation {unknown}
 t - a potion of resistance {unknown}
 u - a potion of mutation {unknown}
 v - a potion of ambrosia {unknown}


   Skills:
 + Level 3.1 Fighting
 + Level 5.3 Armour
 + Level 3.2 Dodging
 + Level 8.0 Unarmed Combat
 + Level 3.7 Spellcasting
 * Level 4.2 Transmutations


You had 14 spell levels left.
You knew the following spells:

 Your Spells              Type           Power      Damage    Failure   Level
a - Beastly Appendage     Tmut           28%        N/A       6%          1

Your spell library contained the following spells:

 Spells                   Type           Power      Damage    Failure   Level
 Wereblood                Tmut           14%        N/A       9%          2
 Spider Form              Tmut/Pois      8%         N/A       38%         3
 Ice Form                 Ice/Tmut       8%         N/A       80%         4


Dungeon Overview and Level Annotations

Branches:
Dungeon (5/15)
 Temple: D:4-7

Altars:
Vehumet

Shops:
D:4 :

Annotations:
D:5 2 transporters, ExtraWatermelon's ghost, novice FoHu; Ijyb; Menkaure


Innate Abilities, Weirdness & Mutations

You have temporarily grown beastly horns and talons.
You are immune to sickness and miasma.
Your stone body is resilient. (AC +6)
You are immune to poison.
You resist negative energy. (rN+)
You are resistant to electric shocks. (rElec)
You are resistant to unholy torment.
You are immune to petrification.


Message History

You hit the orc wizard. Your headbutt misses the orc wizard.
The orc wizard is lightly wounded.
The orc wizard gestures at you while chanting.
The puff of flame misses you.
You hit the orc wizard. You headbutt the orc wizard.
The orc wizard is severely wounded.
The orc wizard closely misses you.
You hit the orc wizard but do no damage.
Your kick misses the orc wizard.
The orc wizard is severely wounded.
You punch the orc wizard!
You kill the orc wizard!
Your Unarmed Combat skill increases to level 8!
Your transformation is almost over.
Things that are here:
a +0 dagger; a +0 robe; an orc corpse You now have 318 gold pieces (gained 12).
Your horns disappear.
Your talons disappear.
There are no items here.
HP restored.
You now have 328 gold pieces (gained 10).
Things that are here:
a +0 robe; a +0 dagger The killer bee buzzes angrily.
You hear an angry buzzing noise.
Ijyb shouts!
Ijyb is nearby!
Casting: Beastly Appendage (safe; 6% risk of failure)
Confirm with . or Enter, or press ? or * to list all spells.
You grow a pair of large bovine horns.
Your feet morph into talons.
Ijyb zaps a wand.
The bolt of acid hits you!!
Ouch! That really hurt!
Ijyb zaps a wand.
The bolt of acid hits you!!
* * * LOW HITPOINT WARNING * * *
The acid corrodes you!
You feel better. Ijyb hits you but does no damage.
You feel better. Ijyb barely misses you.
You barely miss Ijyb. Your headbutt misses Ijyb. Ijyb barely misses you.
You hit Ijyb but do no damage. Your punch misses Ijyb.
Ijyb zaps a wand.
The bolt of acid hits you!!
You die...

######.### ##...#..#.##
#....#.....##
##.......#...##
.##..##.......#
.............##
.#..........##
##...........#########.##
.#.............g@.......#
......###...#...........#
#......##..##...........#
........#..#......##...##
.......##.).......###..#
.........<.........#####
....###...............#.#
.#### #..................
...####........#.........


You could see Ijyb.

Vanquished Creatures
  Pikel (D:4)
  Grinder (D:4)
  A yak (D:4)
  An ice beast (D:4)
  2 ogres
  3 lemures (D:4)
  2 phantoms (D:4)
  A necrophage (D:4)
  Blork the orc (D:4)
  2 scorpions
  2 hounds (D:4)
  An orc priest (D:4)
  A jelly (D:4)
  3 iguanas (D:4)
  5 orc wizards
  9 adders
  2 dart slugs
  A worm (D:3)
  13 orcs
  5 endoplasms
  3 giant cockroaches
  3 goblins
  9 hobgoblins
  5 quokkas
  6 ball pythons
  A bat (D:2)
  2 frilled lizards
  2 kobolds
  10 rats
98 creatures vanquished.

Notes
Turn   | Place    | Note
-------+----------+-------------------------------------------
     0 | D:1      | lyrin the Gargoyle Transmuter began the quest for the Orb.
     0 | D:1      | Reached XP level 1. HP: 12/12 MP: 3/3
   427 | D:1      | Reached XP level 2. HP: 16/16 MP: 5/5
   951 | D:2      | Reached XP level 3. HP: 18/20 MP: 6/6
   975 | D:2      | Found a radiant altar of Vehumet.
   989 | D:2      | Found a faded altar of an unknown god.
  1356 | D:2      | Reached skill level 1 in Armour
  1745 | D:2      | Reached XP level 4. HP: 11/25 MP: 7/7
  2027 | D:2      | Reached skill level 4 in Unarmed Combat
  2998 | D:3      | Reached XP level 5. HP: 27/29 MP: 6/8
  3346 | D:4      | Noticed Grinder
  3796 | D:3      | Reached XP level 6. HP: 27/35 MP: 9/9
  4015 | D:4      | Reached skill level 5 in Unarmed Combat
  4085 | D:4      | Found Goinont's Self-Improvement Boutique.
  4258 | D:4      | Paralysed by Grinder for 6 turns
  4267 | D:4      | Paralysed by Grinder for 5 turns
  4401 | D:5      | Entered Level 5 of the Dungeon
  4424 | D:4      | Paralysed by Grinder for 7 turns
  4437 | D:4      | Paralysed by Grinder for 4 turns
  4442 | D:4      | HP: 1/35 [Grinder (3)]
  4454 | D:4      | Paralysed by Grinder for 4 turns
  4466 | D:4      | Killed Grinder
  4467 | D:4      | Reached XP level 7. HP: 21/40 MP: 11/11
  4894 | D:5      | Noticed Menkaure
  4935 | D:5      | Noticed Blork the orc
  4935 | D:5      | Found a transporter.
  4935 | D:5      | Found a transporter.
  4945 | D:4      | Killed Blork the orc
  5121 | D:5      | Noticed ExtraWatermelon's ghost (novice FoHu)
  5215 | D:4      | Reached skill level 6 in Unarmed Combat
  5366 | D:4      | Reached XP level 8. HP: 41/44 MP: 12/12
  5741 | D:5      | Noticed Pikel
  6163 | D:5      | Noticed a yak
  6252 | D:5      | Noticed Ijyb
  6264 | D:4      | Killed a yak
  6430 | D:4      | Reached skill level 7 in Unarmed Combat
  6681 | D:4      | Killed Pikel
  6682 | D:4      | Reached skill level 5 in Armour
  6682 | D:4      | Reached XP level 9. HP: 27/50 MP: 14/14
  6973 | D:5      | Reached skill level 8 in Unarmed Combat
  7045 | D:5      | Killed from afar by Ijyb

Illustrated notes

Levels and vault maps discovered:
D:1:      lightli_arrival_maybe_door_vault, layout_basic
D:2:      layout_rooms, chequers_ecumenical_altar_grove, basic_altar,
          kennysheep_generic_room_13
D:3:      layout_loops_ring, chequers_serial_rivers_micro_a,
          hangedman_decor_opposing, grunt_ministairs_14
D:4:      layout_basic, nicolae_shop_self_help, uniq_grinder
D:5:      layout_cave_pools, gammafunk_ghost_hive, uniq_pikel, uniq_ijyb,
          uniq_menkaure, uniq_blork_the_orc

Skill      XL: |  1  2  3  4  5  6  7  8  9 |
---------------+----------------------------+-----
Armour         | 1 2 3 4 5 |  5.3
Unarmed Combat | 4 5 6 7 8 |  8.0
Dodging        | 2 3 |  3.2
Transmutations | 2 3 4 |  4.2
Fighting       | 2 3 |  3.1
Spellcasting   | 3 |  3.7

Action                   |  1- 3 |  4- 6 |  7- 9 || total
-------------------------+-------+-------+-------++-------
Melee: Unarmed           |   133 |   169 |   210 ||   512
       Punch             |     6 |     4 |     7 ||    17
       Kick              |     1 |    10 |    34 ||    45
       Headbutt          |     1 |     8 |    21 ||    30
 Cast: Beastly Appendage |     2 |     9 |    17 ||    28
  Use: Potion            |       |     3 |     2 ||     5
Armor: Ring mail         |    60 |    92 |    82 ||   234
       Robe              |     1 |       |       ||     1
Dodge: Dodged            |    60 |    95 |   110 ||   265

Table legend: (Time is in decaauts)
 A = Elapsed time spent in this place.
 B = Non-inter-level travel time spent in this place.
 C = Inter-level travel time spent in this place.
 D = Time resting spent in this place.
 E = Time spent auto-exploring this place.
 F = Levels seen in this place.
 G = Mean time per level.
                   A        B        C        D        E       F      G
               +--------+--------+--------+--------+--------+-----+--------+
         Total |   7025 |   6706 |    319 |   2524 |   2735 |   5 | 1405.0 |
       Dungeon |   7025 |   6706 |    319 |   2524 |   2735 |   5 | 1405.0 |
               +--------+--------+--------+--------+--------+-----+--------+

Top non-repeatable levels by time:
     D:4: 2833 daAuts
     D:3: 1465 daAuts
     D:2: 1458 daAuts
     D:1: 913 daAuts
     D:5: 354 daAuts
